 Dungeon Crawl Stone Soup version 0.31-a0-965-g8a8ce12e04 (webtiles) character file.

Game seed: 15469670948869518166

990 Gladio the Ruffian (level 7, -6/55 (57) HPs)
             Began as a Demonspawn Gladiator on Oct 26, 2023.
             Was a Follower of Makhleb.
             Mangled by a wight
             ... wielding a +5 trident
              (12 damage)
             ... on level 6 of the Dungeon.
             The game lasted 00:10:02 (5276 turns).

Gladio the Ruffian (Demonspawn Gladiator)           Turns: 5276, Time: 00:10:03

HP:   -6/55 (57)    AC: 13    Str: 17    XL:     7   Next: 98%
MP:   7/7           EV:  9    Int:  9    God:    Makhleb [*.....]
Gold: 219           SH:  0    Dex: 14    Spells: 6/6 levels left

rFire   + .          .
                       - Unarmed
rCold   + . .        (no shield)
rNeg    . . .        u - +0 chain mail
rPois   +            b - +0 helmet
rElec   +            o - +0 cloak
rCorr   +            (no gloves)
SInv    .            (no boots)
Will    +....        (no amulet) Stlth
                     (no ring)
HPRegen 0.29/turn    (no ring)
MPRegen 0.20/turn

%: no passive effects
@: resistant, enlightened, flying, lightly drained
A: hooves 1, rugged brown scales 2, magic regeneration, demonic magic 1
a: Renounce Religion


You were on level 6 of the Dungeon.
You worshipped Makhleb.
Makhleb was aware of your devotion.
You visited 2 branches of the dungeon, and saw 7 of its levels.

You collected 219 gold pieces.

Inventory:

Missiles
 c - 2 throwing nets (quivered)
 s - a javelin
Armour
 a - a +0 leather armour
 b - a +0 helmet (worn)
 j - a +0 scale mail
 o - a +0 cloak (worn)
 u - a +0 chain mail (worn)
Wands
 d - a wand of polymorph (4)
Scrolls
 e - a scroll of enchant armour {unknown}
 g - 3 scrolls of fear {unknown}
 i - a scroll of revelation {unknown}
 k - 3 scrolls of teleportation {unknown}
 l - 3 scrolls of noise
 m - a scroll of immolation {unknown}
 p - a scroll of torment {unknown}
 v - a scroll of vulnerability {unknown}
Potions
 h - 2 potions of attraction
 n - 2 potions of mutation
 q - a potion of heal wounds
 r - 3 potions of curing


   Skills:
 + Level 4.4 Fighting
 - Level 1.7 Throwing
 + Level 3.4 Armour
 - Level 4.1 Dodging
 * Level 5.8 Unarmed Combat
 + Level 2.3 Evocations


You had 6 spell levels left.
You didn't know any spells.
Your spell library contained the following spells:

 Spells                   Type           Power      Damage    Failure   Level
 Lesser Beckoning         Tloc           0%         N/A       99%         2
 Poisonous Vapours        Pois/Air       0%         N/A       99%         2
 Wereblood                Tmut           0%         N/A       99%         2
 Gell's Gravitas          Tloc           0%         N/A       100%        3
 Mephitic Cloud           Conj/Pois/Air  0%         N/A       100%        3
 Teleport Other           Tloc           0%         N/A       100%        3
 Freezing Cloud           Conj/Ice/Air   0%         6-21      100%        5
 Irradiate                Conj/Tmut      0%         3d11      100%        5


Dungeon Overview and Level Annotations

Branches:
Dungeon (6/15)             Temple (1/1) D:4

Altars:
Ashenzari
Cheibriados
Dithmenos
Fedhas
Gozag
Kikubaaqudgha
Makhleb
Nemelex Xobeh
Okawaru
Qazlal
Ru
Trog
Uskayaw
Vehumet
Xom
Yredelemnul

Annotations:
D:4 3 runed translucent doors, Talonman3's ghost, amateur KoNe; tish's ghost, novice GnIE


Innate Abilities, Weirdness & Mutations

You have large cloven feet.
You are mostly covered in rugged brown scales. (AC +2, +5% HP)
You regenerate magic rapidly.
Spells you cast may paralyse adjacent enemies.


Message History

You hit the wight.
You destroy the wight!
Makhleb accepts your kill.
You can now gain health from killing.
The ufetubus closely misses you. x2; The ufetubus slips past you!
The ufetubus hits you but does no damage.
The ufetubus closely misses you.
You closely miss the ufetubus. Your kick misses the ufetubus.
You hit the wight. Your kick misses the wight.
The wight is lightly damaged.
You hit the wight but do no damage.
The wight is lightly damaged.
The wight barely misses you.
You punch the wight! You kick the wight, but do no damage.
The wight is heavily damaged.
The wight hits you with a +0 scimitar.
You feel drained.
You closely miss the wight. Your kick misses the wight.
The wight is heavily damaged.
The wight hits you with a +0 scimitar.
* * * LOW HITPOINT WARNING * * *
You hit the wight. You kick the wight, but do no damage.
The wight is almost destroyed.
The wight hits you with a +0 scimitar.
* * * LOW HITPOINT WARNING * * *
You feel drained.
* * * LOW HITPOINT WARNING * * *
You hit the wight.
You destroy the wight!
Makhleb accepts your kill. The ufetubus misses you.
The ufetubus barely misses you.
You closely miss the ufetubus. Your kick misses the ufetubus.
The ufetubus slips past you!
The ufetubus hits you but does no damage.
The ufetubus barely misses you.
The wight hits you from afar with a +5 trident.
* * * LOW HITPOINT WARNING * * *
The ufetubus hits you but does no damage.
The ufetubus hits you.
* * * LOW HITPOINT WARNING * * *
The wight hits you with a +5 trident!
You die...

#......#.#########
#.....###........#
#......#.#######.#
#.......## #.#
#.......# #.#
####.##.# #.# #.
#[# #.# #. #.# #5#
#. #.# #@# #.# #z#
... #.# #!# ..#
###


You could see a wight and an ufetubus.

Vanquished Creatures
  Sigmund (D:3)
  A water moccasin (D:5)
  An ice beast (D:5)
  An ogre (D:4)
  A scorpion (D:4)
  2 wights (D:6)
  2 hounds (D:4)
  A jelly (D:5)
  Ijyb (D:3)
  Terence (D:2)
  2 iguanas
  Robin (D:3)
  4 adders
  A white imp (D:5)
  An ufetubus (D:6)
  4 dart slugs
  2 worms
  15 orcs
  7 endoplasms
  4 giant cockroaches
  17 goblins
  6 hobgoblins
  10 jackals
  3 quokkas
  5 ball pythons
  9 bats
  3 frilled lizards
  7 kobolds
  8 rats
121 creatures vanquished.

Notes
Turn   | Place    | Note
-------+----------+-------------------------------------------
     0 | D:1      | Gladio the Demonspawn Gladiator began the quest for the
                  | Orb.
     0 | D:1      | Reached XP level 1. HP: 16/16 MP: 1/1
   152 | D:1      | Gained mutation: You are partially covered in rugged brown
                  | scales. (AC +1, +3% HP) [demonic ancestry]
   152 | D:1      | Reached XP level 2. HP: 6/22 MP: 2/2
   265 | D:1      | Reached skill level 3 in Unarmed Combat
   519 | D:1      | Gained mutation: You regenerate magic rapidly. [demonic
                  | ancestry]
   519 | D:1      | Reached XP level 3. HP: 28/28 MP: 3/3
   638 | D:1      | Reached skill level 1 in Armour
  1405 | D:2      | Reached XP level 4. HP: 34/35 MP: 4/4
  1434 | D:2      | Noticed Terence
  1454 | D:2      | Killed Terence
  1851 | D:3      | Noticed Sigmund
  1889 | D:3      | Killed Sigmund
  1890 | D:3      | Reached skill level 4 in Unarmed Combat
  1890 | D:3      | Gained mutation: Spells you cast may paralyse adjacent
                  | enemies. [demonic ancestry]
  1890 | D:3      | Reached XP level 5. HP: 32/42 MP: 5/5
  2032 | D:3      | Noticed Robin
  2049 | D:3      | Gained mutation: You are mostly covered in rugged brown
                  | scales. (AC +2, +5% HP) [demonic ancestry]
  2049 | D:3      | Reached XP level 6. HP: 42/49 MP: 6/6
  2113 | D:3      | Killed Robin
  2383 | D:3      | Noticed Ijyb
  2474 | D:3      | Killed Ijyb
  3111 | D:4      | Found a staircase to the Ecumenical Temple.
  3165 | Temple   | Entered the Ecumenical Temple
  3311 | Temple   | Became a worshipper of Makhleb the Destroyer
  3763 | D:4      | Reached skill level 5 in Unarmed Combat
  3763 | D:4      | Reached skill level 1 in Evocations
  3763 | D:4      | Gained mutation: You have large cloven feet. [demonic
                  | ancestry]
  3763 | D:4      | Reached XP level 7. HP: 35/55 MP: 7/7
  4004 | D:4      | Found a runed translucent gate.
  4005 | D:4      | Found a runed translucent gate.
  4009 | D:4      | Found a runed translucent gate.
  4063 | D:4      | Noticed tish's ghost (novice GnIE)
  4064 | D:4      | Noticed Talonman3's ghost (amateur KoNe)
  4193 | D:5      | Entered Level 5 of the Dungeon
  4484 | D:5      | Found a radiant altar of Vehumet.
  5267 | D:6      | Reached * piety under Makhleb
  5276 | D:6      | Mangled by a wight

Illustrated notes

Levels and vault maps discovered:
D:1:      psy_arrival_basics, layout_basic, chequers_serial_rivers_micro_b
D:2:      minmay_spotlight, layout_rooms, minivault_24, uniq_terence
D:3:      layout_basic, minmay_diced_spiral, uniq_ijyb, uniq_sigmund, uniq_robin
D:4:      layout_basic, lemuel_coloured_pillars_altar,
          minmay_temple_entry_purple_smoke, gammafunk_ghost_cemetery
D:5:      layout_basic, marbit_many_paths
D:6:      layout_loops_ring
Temple:   minmay_crystal_spiral_temple

Skill      XL: |  1  2  3  4  5  6  7 |
---------------+----------------------+-----
Unarmed Combat | 3 4 5 |  5.8
Dodging        | 3 4 |  4.1
Armour         | 1 2 3 |  3.4
Fighting       | 3 4 |  4.4
Evocations     | 1 2 |  2.3
Throwing       | |  1.7

Action                     |  1- 3 |  4- 6 |  7- 9 || total
---------------------------+-------+-------+-------++-------
  Melee: Unarmed           |   172 |   263 |   112 ||   547
         Punch             |     5 |     2 |     3 ||    10
         Kick              |       |       |    30 ||    30
  Throw: Javelin           |       |     1 |       ||     1
         Throwing net      |       |     1 |       ||     1
    Use: Potion            |       |     1 |     3 ||     4
         Scroll            |       |     2 |     2 ||     4
 Armour: Leather armour    |    61 |       |       ||    61
         Scale mail        |    36 |   146 |    12 ||   194
         Skin              |       |    13 |       ||    13
         Chain mail        |       |       |    76 ||    76
  Dodge: Dodged            |   104 |   122 |    62 ||   288

Table legend: (Time is in decaauts)
 A = Elapsed time spent in this place.
 B = Non-inter-level travel time spent in this place.
 C = Inter-level travel time spent in this place.
 D = Time resting spent in this place.
 E = Time spent auto-exploring this place.
 F = Levels seen in this place.
 G = Mean time per level.
                   A        B        C        D        E       F      G
               +--------+--------+--------+--------+--------+-----+--------+
         Total |   5218 |   4871 |    347 |      0 |   3909 |   7 |  745.4 |
       Dungeon |   5034 |   4867 |    167 |      0 |   3909 |   6 |  839.0 |
        Temple |    184 |      4 |    180 |      0 |      0 |   1 |  184.0 |
               +--------+--------+--------+--------+--------+-----+--------+

Top non-repeatable levels by time:
     D:3: 1315 daAuts
     D:5: 958 daAuts
     D:4: 958 daAuts
     D:1: 903 daAuts
     D:2: 784 daAuts
  Temple: 184 daAuts
     D:6: 113 daAuts
